 Dungeon Crawl Stone Soup version 0.29-a0-283-ga02f740833 (webtiles) character file.

Game seed: 16865519157270034925

28 spaghetti the Covered (level 2, -1/36 HPs)
             Began as a Demonspawn Berserker on Mar 13, 2022.
             Was a Follower of Trog.
             Killed from afar by Natasha (5 damage)
             ... with a magic dart
             ... on level 2 of the Dungeon.
             The game lasted 00:01:06 (1047 turns).

spaghetti the Covered (Demonspawn Berserker)        Turns: 1047, Time: 00:01:07

Health: -1/36      AC:  2    Str: 17    XL:     2   Next: 96%
Magic:  2/2        EV: 12    Int:  8    God:    Trog [*.....]
Gold:   96         SH:  0    Dex: 12    Spells: 1/1 levels left

rFire   . . .      SeeInvis .   a - +0 mace {mace}
rCold   . . .      Faith    .   (no shield)
rNeg    . . .      Spirit   .   b - +0 animal skin
rPois   .          Reflect  .   (no helmet)
rElec   .          Harm     .   (no cloak)
rCorr   .          Rampage  .   (no gloves)
Will    .....                   (no boots)
Stlth   ..........              (no amulet)
HPRegen 0.12/turn               (no ring)
MPRegen 0.08/turn               (no ring)

@: berserking, lethally poisoned (-1 -> -2), very quick
A: demonic touch 1
a: Renounce Religion, Berserk


You were on level 2 of the Dungeon.
You worshipped Trog.
Trog was aware of your devotion.
You visited 1 branch of the dungeon, and saw 2 of its levels.

You collected 96 gold pieces.


Innate Abilities, Weirdness & Mutations

Your touch may inflict minor irresistible damage on your foes.


   Skills:
 - Level 3.0 Fighting
 - Level 2.6 Maces & Flails
 + Level 3.2 Armour
 - Level 1.7 Dodging


You had one spell level left.
You didn't know any spells.
Your spell library contained the following spells:

 Spells                   Type           Power      Damage    Failure   Level
 Summon Small Mammal      Summ           0%         N/A       41%         1
 Call Canine Familiar     Summ           0%         N/A       78%         3
 Summon Guardian Golem    Hex/Summ       0%         N/A       78%         3
 Manifold Assault         Tloc           0%         N/A       100%        5

Inventory:

Hand Weapons
 a - a +0 mace (weapon) {mace}
Missiles
 c - 76 stones (quivered) {throwing}
Armour
 b - a +0 animal skin (worn)
Scrolls
 d - a scroll of enchant weapon {unknown}
 e - a scroll of teleportation {@r4}
Potions
 f - a potion of haste {unknown}

Dungeon Overview and Level Annotations

Branches:
Dungeon (2/15)

Altars:

Annotations:
D:2 Natasha

########### #
#......... .##.#.#.#..#
# ..........# #.##
##.#.#(#.# #####.....
###...5..(.###.........
#....#h#.#....†<#
#...@.(....#......#
####†####....##.### #.#
#.#.## # ..) ..#.# ##..
.....# #####..)..
##.### .#


You could see Natasha and a shadow imp (summoned).


Message History

No target in view!
No target in view!
No target in view!
No target in view!
No target in view!
No target in view!
No target in view!
No target in view!
No target in view!
No target in view!
No target in view!
No target in view!
No target in view!
No target in view!
No target in view!
No target in view!
You see here a giant cockroach corpse.
c - 78 stones {throwing} (gained 1)
A bat comes into view.
You see here a stone {throwing}.
A bat is nearby!
A bat is nearby!
A bat is nearby!
You throw a stone {throwing}. The stone {throwing} hits the bat.
You barely miss the bat. Your touch misses the bat. The bat barely misses you.
You throw a stone {throwing}.
The stone {throwing} closely misses the bat.
The bat hits you but does no damage.
You throw a stone {throwing}. The stone {throwing} misses the bat.
The bat barely misses you.
You closely miss the bat. The bat hits you but does no damage.
You hit the bat.
You kill the bat!
Trog accepts your kill.
No target in view!
No target in view!
No target in view!
No target in view!
No target in view!
No target in view!
No target in view!
No target in view!
No target in view!
No target in view!
No target in view!
No target in view!
No target in view!
No target in view!
No target in view!
No target in view!
No target in view!
c - 76 stones {throwing} (gained 1) Natasha, Servant of Life and Death comes into view.
No target in range!
No target in range!
No target in range!
No target in range!
Natasha hisses angrily.
You see here a stone {throwing}.
An adder comes into view.
The adder hisses angrily.
Natasha claws you! 😮 HP[-9]
You take 9 damage, and now have 15/24 hp.
MASSIVE DAMAGE!! (PAUSE)
A red film seems to cover your vision as you go berserk!
You feel yourself moving faster!
You feel mighty! The adder bites you.
You are poisoned.
The adder poisons you!
Natasha casts a spell.
The adder bites you.
* * * LOW HITPOINT WARNING * * *
😨 HP[+2]
You now have 36 max hp (+12).
You regained 2 hp, and now have 17/36 hp.
You sock the adder!
You feel sick. The adder closely misses you. Natasha casts a spell at you.
The magic dart hits you!
* * * LOW HITPOINT WARNING * * *
😱 HP[-8]
You take 8 damage, and now have 9/36 hp.
MASSIVE DAMAGE!! (PAUSE)
You thump the adder!
You kill the adder!
Trog accepts your kill.
You feel sick.
Natasha stares at you and mumbles some strange words.
The magic dart hits you.
* * * LOW HITPOINT WARNING * * *
Your Armour skill increases to level 3! 😱 HP[-3]
You take 3 damage, and now have 6/36 hp.
You closely miss Natasha.
You feel sick. 😱 HP[-1]
You take 1 damage, and now have 5/36 hp.
Unknown command.
You hit Natasha.
You feel sick.
Natasha stares at you and mumbles some strange words.
The magic dart hits you.
You die...

Skill      XL: |  1  2 |
---------------+-------+-----
Armour         | 2 3 |  3.2
Fighting       | |  3.0
Maces & Flails | |  2.6
Dodging        | |  1.7

Action                   || total
-------------------------++-------
Melee: Mace              ||    48
       Touch             ||     1
Throw: Stone             ||    29
Invok: Berserk           ||     2
  Use: Scroll            ||     1
 Stab: Sleeping          ||     1
Armor: Animal skin       ||    13
Dodge: Dodged            ||    36

Levels and vault maps discovered:
D:1:      amcnicky_arrival_wind_blow, layout_basic
D:2:      layout_loops_ring, hellmonk_ecumenical_altar_inner_sanctum,
          serial_glass, glass_columns_b, glass_columns_b, uniq_natasha

Notes
Turn   | Place    | Note
-------+----------+-------------------------------------------
     0 | D:1      | spaghetti the Demonspawn Berserker began the quest for the
                  | Orb.
     0 | D:1      | Reached XP level 1. HP: 18/18 MP: 1/1
     0 | D:1      | magus.rc [v1.9.6]
    41 | D:1      | Reached skill level 2 in Armour
    48 | D:1      | You pick up a book of Callings {forbidden} and begin
                  | reading...
    48 | D:1      | You add the spells Summon Small Mammal, Call Canine
                  | Familiar and Summon Guardian Golem to your library.
   311 | D:1      | Gained mutation: Your touch may inflict minor irresistible
                  | damage on your foes. [demonic ancestry]
   311 | D:1      | Reached XP level 2. HP: 24/24 MP: 2/2
   622 | D:1      | Got the Handbook of Creation and Displacement {forbidden}
  1039 | D:2      | Noticed Natasha
  1044 | D:2      | HP: 9/36 [Natasha/magic dart (8)]
  1046 | D:2      | Reached skill level 3 in Armour
  1047 | D:2      | HP: 4/36 [poisoned by an adder]
  1047 | D:2      | Killed from afar by Natasha

Vanquished Creatures
  An adder (D:2)
  2 ball pythons (D:1)
  An endoplasm (D:1)
  A giant cockroach (D:2)
  2 goblins (D:1)
  3 hobgoblins (D:1)
  4 bats
  2 frilled lizards
  A kobold (D:1)
  A rat (D:1)
18 creatures vanquished.

Table legend:
 A = Non-vault XP
 B = Vault XP
 C = Vault XP percentage of total XP
 D = Non-vault monster count
 E = Vault monster count
 F = Vault count percentage of total count
                 A         B        C        D         E       F
            +---------+---------+-------+---------+---------+-------
      Total |      40 |       0 |   0.0 |      18 |       0 |   0.0
            +---------+---------+-------+---------+---------+-------
        D:1 |      22 |       0 |   0.0 |      14 |       0 |   0.0
        D:2 |      18 |       0 |   0.0 |       4 |       0 |   0.0
            +---------+---------+-------+---------+---------+-------

Illustrated notes

Table legend:
 A = Kills in this place as a percentage of kills in entire the game.
 B = Kills by you in this place as a percentage of kills by you in the entire game.
 C = Kills by friends in this place as a percentage of kills by friends in the entire game.
 D = Other kills in this place as a percentage of other kills in the entire game.
 E = Experience gained in this place as a percentage of experience gained in the entire game.
 F = Experience gained in this place divided by the number of levels of this place that you have seen.
                   A       B       C       D       E      F
               +-------+-------+-------+-------+-------+----------------------
         Total | 100.0 | 100.0 |   N/A |   N/A | 100.0 |  20.0
       Dungeon | 100.0 | 100.0 |   N/A |   N/A | 100.0 |  20.0
               +-------+-------+-------+-------+-------+----------------------

Table legend: (Time is in decaauts)
 A = Elapsed time spent in this place.
 B = Non-inter-level travel time spent in this place.
 C = Inter-level travel time spent in this place.
 D = Time resting spent in this place.
 E = Time spent auto-exploring this place.
 F = Levels seen in this place.
 G = Mean time per level.
                   A        B        C        D        E       F      G
               +--------+--------+--------+--------+--------+-----+--------+
         Total |   1074 |   1017 |     57 |      0 |    875 |   2 |  537.0 |
       Dungeon |   1074 |   1017 |     57 |      0 |    875 |   2 |  537.0 |
               +--------+--------+--------+--------+--------+-----+--------+

Top non-repeatable levels by time:
     D:1: 1044 daAuts
     D:2: 29 daAuts
